 Dungeon Crawl Stone Soup version 0.31.0-12-g77e489cdc1 (webtiles) character file.

Game seed: 5220120043565694220

74 gohu the Digger (level 4, -2/24 HPs)
             Began as a Gargoyle Earth Elementalist on Feb 25, 2024.
             Killed by divine providence
             ... invoked by an orc priest
              (15 damage)
             ... on level 2 of the Dungeon.
             The game lasted 00:04:26 (1836 turns).

gohu the Digger (Gargoyle Earth Elementalist)       Turns: 1836, Time: 00:04:26

Health: -2/24      AC:  5    Str: 11    XL:     4   Next: 30%
Magic:  6/7        EV: 11    Int: 18    God:
Gold:   58         SH:  0    Dex: 10    Spells: 6/7 levels left

rFire   . . .        d - +0 dagger
rCold   . . .        (no shield)
rNeg    + . .        a - +0 robe
rPois   ∞            (no helmet)
rElec   +            (no cloak)
rCorr   .            (no gloves)
SInv    +            (no boots)
Will    .....        (no amulet)
Stlth   ++           c - ring of see invisible
HPRegen 0.24/turn    (no ring)
MPRegen 0.10/turn

%: no passive effects
@: no status effects
A: sickness immunity, AC +3, negative energy resistance 1, electricity
resistance, torment resistance 1, petrification resistance
a: no special abilities


You were on level 2 of the Dungeon.
You visited 1 branch of the dungeon, and saw 3 of its levels.

You collected 58 gold pieces.

Inventory:

Hand Weapons
 d - a +0 dagger (weapon)
Armour
 a - a +0 robe (worn)
Jewellery
 c - a ring of see invisible (left hand)
 j - a ring of ice
Scrolls
 e - a scroll of teleportation {unknown}
 g - a scroll of poison {unknown}
 h - a scroll of fear {unknown}
 i - a scroll of enchant weapon {unknown}
 k - a scroll of revelation {unknown}
Potions
 b - a potion of magic
 f - a potion of curing {unknown}


   Skills:
 - Level 1.5 Dodging
 + Level 3.1 Stealth
 + Level 2.4 Spellcasting
 + Level 2.0 Conjurations
 * Level 4.7 Earth Magic


You had 6 spell levels left.
You knew the following spells:

 Your Spells              Type           Power      Damage    Failure   Level
a - Sandblast             Erth           38%        2d10      2%          1

Your spell library contained the following spells:

 Spells                   Type           Power      Damage    Failure   Level
 Passwall                 Erth           19%        N/A       8%          3
 Stone Arrow              Conj/Erth      28%        3d8       13%         3
 Brom's Barrelling Bould  Conj/Erth      14%        2d4       38%         4
 Petrify                  Alch/Erth      10%        N/A       54%         4


Dungeon Overview and Level Annotations

Branches:
Dungeon (3/15)

Altars:

Shops:
D:2 (

Annotations:
D:1 2 transporters


Innate Abilities, Weirdness & Mutations

You are immune to sickness and miasma.
Your stone body is resilient. (AC +3)
You are immune to poison.
You resist negative energy. (rN+)
You are resistant to electric shocks. (rElec)
You are resistant to unholy torment.
You are immune to petrification.


Message History

Press: ? - help, Q - select action Shift-Dir - straight line, f/p - orc
Aim: an orc, wielding a +0 whip and wearing a +0 chain mail (87% to hit)
The blast of sand hits the orc.
The orc is severely wounded.
An orc comes into view. It is wielding a +0 club.
The orc hits you with a +0 whip.
You climb upwards.
There is a stone staircase leading down here.
Aiming: Sandblast (safe; 2% risk of failure)
Press: ? - help, Q - select action Shift-Dir - straight line, f - orc
Aim: an orc, wielding a +0 whip and wearing a +0 chain mail (severely wounded, 87% to hit)
The blast of sand hits the orc.
You kill the orc!
Things that are here:
a +0 whip; a +0 chain mail
There is a stone staircase leading down here.
HP restored.
Magic restored.
Done exploring.
You climb downwards.
The orc priest shouts!
The orc shouts!
The orc priest hits you with a +2 hand axe of electrocution.
The orc misses you.
The orc priest calls down the wrath of Beogh upon you.
Pain shoots through your body! The orc closely misses you.
The endoplasm quivers.
There is a stone staircase leading up here.
The orc priest hits you with a +2 hand axe of electrocution.
The orc misses you.
You climb upwards.
There is a stone staircase leading down here.
Aiming: Sandblast (safe; 2% risk of failure)
Press: ? - help, Q - select action Shift-Dir - straight line, f - orc priest
Aim: an orc priest, wielding a +2 hand axe of electrocution and wearing a +0 leather armour (82% to hit)
The blast of sand hits the orc priest.
The orc priest is lightly wounded.
The orc priest calls down the wrath of Beogh upon you.
Beogh smites you!
Ouch! That really hurt!
You die...

.......)...##......##).####......
..##..>##..........#..## #......
#.##...#...####.....).## #......
#.##.....†.........#...####......
#......####........#.#...<.....##
#......## ###........###.......#
........#######................##
..###....)##....oo..............#
..# ##..........@.......[...<....
..# #.............####..........
..# #....#.##...#.####..........
#.# ##...#...........#..........
#.# ##.##'.......##............
#.# ##.#∩####.#.......[........
#.#####..#### #.#.............)..
#.##.....######.#................
........## ##..#................


You could see an orc priest and an orc.

Vanquished Creatures
  2 adders (D:2)
  A ribbon worm (D:2)
  3 dart slugs
  2 orcs (D:2)
  2 endoplasms (D:2)
  A giant cockroach (D:1)
  3 goblins
  4 hobgoblins
  3 jackals (D:1)
  4 kobolds
  2 quokkas
  7 ball pythons
  4 bats
  5 frilled lizards
  2 rats
45 creatures vanquished.

Notes
Turn   | Place    | Note
-------+----------+-------------------------------------------
     0 | D:1      | gohu the Gargoyle Earth Elementalist began the quest for
                  | the Orb.
     0 | D:1      | Reached XP level 1. HP: 10/10 MP: 3/3
   149 | D:1      | Reached XP level 2. HP: 15/15 MP: 3/5
   288 | D:1      | Reached skill level 4 in Earth Magic
   475 | D:1      | Reached XP level 3. HP: 19/19 MP: 2/6
  1232 | D:2      | Found Toutwam's Weapon Shoppe.
  1502 | D:2      | Reached XP level 4. HP: 24/24 MP: 4/7
  1836 | D:2      | Killed from afar by an orc priest

Illustrated notes

Levels and vault maps discovered:
D:1:      spicycebolla_arrival_transporter_tutorial, layout_basic
D:2:      layout_rooms, serial_shops, nicolae_shop_tiny_glass
D:3:      layout_rooms, mainiacjoe_overflow_concentric_impassable, uniq_sigmund

Skill      XL: |  1  2  3 |
---------------+----------+-----
Earth Magic    | 4 |  4.7
Stealth        | 3 |  3.1
Conjurations   | 2 |  2.0
Dodging        | |  1.5
Spellcasting   | |  2.4

Action                     |  1- 3 |  4- 6 || total
---------------------------+-------+-------++-------
  Melee: Dagger            |     5 |       ||     5
   Cast: Sandblast         |    54 |    14 ||    68
 Armour: Robe              |    12 |    12 ||    24
  Dodge: Dodged            |    14 |     6 ||    20
